AoeStats
← mauriken1202

Arabia

506578211Analyzed
1v1 RM · 19d ago on Sep 14, 2026· 37m 59s· 2 players
Game mode
Random Map
Map size
Tiny (2 player)
Population
200
Speed
Normal
Resources
Standard
Victory
Conquest
Starting age
Dark Age
Ending age
Imperial Age
RankedLock teamsTeams togetherTeam positionsShared explorationLock speedFull tech treeHidden civsTurbo modeCheats
Victory
Defeat
🇺🇸 Britons · United States
1655
+16
🇲🇽 Sicilians · Mexico
1663
-16
BosaaAoE
6:46 Loom
9:02 Feudal Age
11:21 Double-Bit Axe
11:51 Town Watch
13:10 Fletching
22:19 Wheelbarrow
21:53 Horse Collar
25:16 Castle Age
23:45 Gold Mining
25:20 Crossbowman
25:58 Bodkin Arrow
26:17 Bow Saw
26:38 Heavy Plow
27:22 Padded Archer Armor
28:19 Leather Archer Armor
29:23 Ballistics
33:01 Imperial Age
34:04 Bracer
38:15 Chemistry
mauriken1202
6:04 Loom
9:17 Feudal Age
11:14 Double-Bit Axe
14:52 Padded Archer Armor
23:31 Castle Age
21:48 Horse Collar
22:02 Gold Mining
22:06 Stone Mining
22:55 Fletching
25:53 Heavy Plow
35:28 Wheelbarrow
35:25 Bloodlines
35:17 Husbandry
37:02 Scale Mail Armor
38:17 Chain Mail Armor
38:09 Scale Barding Armor
Connection lost

Rejoining the realm…

Still unreachable

The connection could not be restored.

Session expired

The server has moved on; the page needs a fresh start.